 Dungeon Crawl Stone Soup version 0.29-a0-416-g83a48905f1 (webtiles) character file.

Game seed: 2466082551393006484

172 HendSelp the Poker (level 5, -2/42 HPs)
             Began as a Human Monk on May 16, 2022.
             Slain by a river rat (6 damage)
             ... on level 3 of the Dungeon.
             The game lasted 00:03:42 (2543 turns).

HendSelp the Poker (Human Monk)                     Turns: 2543, Time: 00:03:42

Health: -2/42      AC:  8    Str: 14    XL:     5   Next: 83%
Magic:  5/5        EV: 12    Int: 10    God:
Gold:   65         SH:  0    Dex: 15    Spells: 4/4 levels left

rFire   + . .      SeeInvis +   a - +1 spear
rCold   . . .      Faith    .   (no shield)
rNeg    . . .      Spirit   .   i - +0 ring mail
rPois   .          Reflect  .   c - +2 helmet {SInv}
rElec   .          Harm     .   (no cloak)
rCorr   .          Rampage  .   (no gloves)
Will    .....                   (no boots)
Stlth   +.........              (no amulet)
HPRegen 0.14/turn               e - ring of protection from fire
MPRegen 0.09/turn               (no ring)

@: no status effects
A: no striking features
a: no special abilities


You were on level 3 of the Dungeon.
You visited 1 branch of the dungeon, and saw 3 of its levels.

You collected 65 gold pieces.

Inventory:

Hand Weapons
 a - a +1 spear (weapon)
Armour
 c - a +2 helmet of see invisible (worn)
 i - a +0 ring mail (worn)
Jewellery
 e - a ring of protection from fire (left hand)
Potions
 d - 2 potions of flight
 g - a potion of might {unknown}
 h - a potion of degeneration {unknown}


   Skills:
 + Level 3.9 Fighting
 + Level 4.6 Polearms
 + Level 0.5 Armour
 + Level 4.0 Dodging
 - Level 2.0 Stealth


You had 4 spell levels left.
You didn't know any spells.
Your spell library contained the following spells:

 Spells                   Type           Power      Damage    Failure   Level
 Animate Skeleton         Necr           0%         N/A       61%         1
 Apportation              Tloc           0%         N/A       61%         1
 Summon Small Mammal      Summ           0%         N/A       61%         1
 Call Canine Familiar     Summ           0%         N/A       93%         3
 Portal Projectile        Hex/Tloc       0%         N/A       93%         3
 Leda's Liquefaction      Hex/Erth       0%         N/A       100%        4


Dungeon Overview and Level Annotations

Branches:
Dungeon (3/15)

Altars:


Message History

You hit the river rat but do no damage. You hit the river rat.
The river rat is moderately wounded.
The river rat barely misses you.
You hit the river rat.
The river rat is heavily wounded.
You float gracefully downwards.
The river rat bites you.
You closely miss the river rat.
The river rat is heavily wounded.
The river rat bites you!
* * * LOW HITPOINT WARNING * * *
You are too injured to fight recklessly!
You hit the river rat.
The river rat is severely wounded.
The river rat bites you.
* * * LOW HITPOINT WARNING * * *
You are too injured to fight recklessly!
You are too injured to fight recklessly!
You hit the river rat but do no damage.
The river rat is severely wounded.
The river rat barely misses you.
You are too injured to fight recklessly!
Unknown command.
You closely miss the river rat.
The river rat is severely wounded.
The river rat closely misses you.
Unknown command.
Unknown command.
You hit the river rat but do no damage.
The river rat is severely wounded.
Unknown command.
You hit the river rat but do no damage.
The river rat is severely wounded.
The river rat bites you!
* * * LOW HITPOINT WARNING * * *
Unknown command.
You completely miss the river rat.
The river rat is severely wounded.
The river rat bites you.
You die...

#......#
#......#
#<.....#
#......#
###......#
#........#
####.#......#
#....#.^....####
#.#########.@rr#
#####.# ####g#
......########
#)r#
####.........#
##..#
##.##......#
#...
###..##......#
....
#...########.#
...... .†### .#
..... #...# #
.....


You could see a river rat, a hobgoblin and 2 rats.

Vanquished Creatures
  2 orc wizards (D:3)
  An adder (D:2)
  3 gnolls (D:2)
  3 worms
  A dart slug (D:2)
  6 orcs (D:3)
  6 ball pythons
  4 endoplasms
  2 giant cockroaches
  3 goblins (D:1)
  4 hobgoblins
  7 jackals
  7 kobolds
  3 quokkas
  8 bats
  2 frilled lizards
  6 rats
68 creatures vanquished.

Notes
Turn   | Place    | Note
-------+----------+-------------------------------------------
     0 | D:1      | HendSelp the Human Monk began the quest for the Orb.
     0 | D:1      | Reached XP level 1. HP: 18/18 MP: 1/1
   294 | D:1      | Reached XP level 2. HP: 19/24 MP: 2/2
   645 | D:1      | Reached XP level 3. HP: 29/29 MP: 3/3
  1226 | D:2      | Reached XP level 4. HP: 19/35 MP: 4/4
  2380 | D:3      | Reached XP level 5. HP: 42/42 MP: 5/5
  2543 | D:3      | Slain by a river rat

Illustrated notes

Levels and vault maps discovered:
D:1:      roderic_dead_forest, layout_loops_cross
D:2:      layout_basic
D:3:      layout_rooms, portal_sewer_entry_b, item_on_display_a

Skill      XL: |  1  2  3  4  5 |
---------------+----------------+-----
Polearms       | 4 |  4.6
Dodging        | 4 |  4.0
Fighting       | |  3.9
Armour         | |  0.5
Stealth        | |  2.0

Action                   |  1- 3 |  4- 6 || total
-------------------------+-------+-------++-------
Melee: Spear             |   120 |   194 ||   314
       Punch             |     1 |     1 ||     2
  Use: Scroll            |     6 |     2 ||     8
       Potion            |     1 |     3 ||     4
 Stab: Sleeping          |    13 |       ||    13
       Distracted        |     1 |       ||     1
Armor: Robe              |    14 |     9 ||    23
       Ring mail         |       |    49 ||    49
Dodge: Dodged            |    58 |    85 ||   143

Table legend: (Time is in decaauts)
 A = Elapsed time spent in this place.
 B = Non-inter-level travel time spent in this place.
 C = Inter-level travel time spent in this place.
 D = Time resting spent in this place.
 E = Time spent auto-exploring this place.
 F = Levels seen in this place.
 G = Mean time per level.
                   A        B        C        D        E       F      G
               +--------+--------+--------+--------+--------+-----+--------+
         Total |   2510 |   2271 |    239 |    127 |   1644 |   3 |  836.7 |
       Dungeon |   2510 |   2271 |    239 |    127 |   1644 |   3 |  836.7 |
               +--------+--------+--------+--------+--------+-----+--------+

Top non-repeatable levels by time:
     D:2: 1348 daAuts
     D:1: 970 daAuts
     D:3: 191 daAuts
